BSA
MAUI TROPICS @ NIAGARA FALLS FRENZY
07/09/2026
 
TOP OF THE 1ST
Maui Tropics batting - Pitching for Niagara Falls Frenzy : RHP Mark Head
Pitching: RHP Mark Head
Batting: RHB Jeff Packard 0-0: Called Strike
0-1: Called Strike
0-2: SINGLE (Groundball, 6M)
Batting: RHB Eugene Gill 0-0: Called Strike
0-1: SINGLE (Line Drive, 4M)
Jeff Packard to second
Batting: RHB José Herrera 0-0: Foul Ball, location: 2F
0-1: Ground out 2-3 (Groundball, 23)
Jeff Packard to third
Eugene Gill to second
Batting: LHB Luis Antonio Torres 0-0: Ball
1-0: SINGLE (Line Drive, 78M)
Jeff Packard scores
Eugene Gill to third
Batting: LHB Anacleto Morillo 0-0: Grounds into double play, 4-6-3 (Groundball, 4)
Top of the 1st over - 1 run(s), 3 hit(s), 0 error(s), 1 left on base; Maui 1 - Niagara Falls 0
BOTTOM OF THE 1ST
Niagara Falls Frenzy batting - Pitching for Maui Tropics : RHP Júlio González
Pitching: RHP Júlio González
Batting: SHB Martín De Jesús 0-0: Fly out, F3 (Popup, 3F)
Batting: RHB Zander Tremblett 0-0: Ball
1-0: Ball
2-0: Ball
3-0: Base on Balls
Batting: LHB Clyde Yarbrough 0-0: Ball
1-0: Ball
2-0: Ball
3-0: Called Strike
3-1: Base on Balls
Zander Tremblett to second
Batting: LHB Dante Owens 0-0: Ball
1-0: Ball
2-0: Called Strike
2-1: Ball
3-1: Swinging Strike
3-2: Base on Balls
Zander Tremblett to third
Clyde Yarbrough to second
Batting: RHB Lawrence Schroeder 0-0: Called Strike
0-1: Foul Ball, location: 2F
0-2: Ball
1-2: Strikes out swinging
Batting: LHB Bill Hall 0-0: Called Strike
0-1: SINGLE (Groundball, 4MD)
Zander Tremblett scores
Clyde Yarbrough to third
Dante Owens to second
Runner from 3rd tries for Home, SAFE, no throw or cutoff
Batting: RHB Keitaro Suzuki 0-0: Called Strike
0-1: Called Strike
0-2: Strikes out swinging
Bottom of the 1st over - 2 run(s), 1 hit(s), 0 error(s), 2 left on base; Maui 1 - Niagara Falls 2
TOP OF THE 2ND
Maui Tropics batting - Pitching for Niagara Falls Frenzy : RHP Mark Head
Batting: RHB Michael Woodruff 0-0: SINGLE (Line Drive, 4D)
Batting: LHB Henry Huffman 0-0: Grounds into double play, 6-4-3 (Groundball, 6)
Batting: RHB Matt Silver 0-0: Ground out 6-3 (Groundball, 6M)
Top of the 2nd over - 0 run(s), 1 hit(s), 0 error(s), 0 left on base; Maui 1 - Niagara Falls 2
BOTTOM OF THE 2ND
Niagara Falls Frenzy batting - Pitching for Maui Tropics : RHP Júlio González
Batting: RHB Jung-ha Kim 0-0: Ball
1-0: Foul Ball, location: 2F
1-1: Ball
2-1: Ball
3-1: Foul Ball, location: 2F
3-2: Strikes out looking
Batting: RHB Hidetada Kichida 0-0: Ball
1-0: Ball
2-0: Called Strike
2-1: Foul Ball, location: 2F
2-2: Ball
3-2: Foul Ball, location: 2F
3-2: Foul Ball, location: 2F
3-2: Ground out 1-3 (Groundball, 15)
Batting: SHB Martín De Jesús 0-0: Ball
1-0: Ground out 4-3 (Groundball, 4M)
Bottom of the 2nd over - 0 run(s), 0 hit(s), 0 error(s), 0 left on base; Maui 1 - Niagara Falls 2
TOP OF THE 3RD
Maui Tropics batting - Pitching for Niagara Falls Frenzy : RHP Mark Head
Batting: LHB Javier Espinoza 0-0: Foul Ball, location: 2F
0-1: SINGLE (Line Drive, 6MD)
Batting: RHB Jeff Packard 0-0: Called Strike
0-1: Swinging Strike
0-2: SINGLE (Line Drive, 4MD)
Javier Espinoza to second
Batting: RHB Eugene Gill 0-0: Swinging Strike
0-1: Foul Ball, location: 2F
0-2: Foul Ball, location: 2F
0-2: Ball
1-2: Foul Ball, location: 2F
1-2: SINGLE (Line Drive, 89S)
Javier Espinoza to third
Jeff Packard to second
Batting: RHB José Herrera 0-0: Ball
1-0: Called Strike
1-1: Swinging Strike
1-2: Strikes out looking
Batting: LHB Luis Antonio Torres 0-0: SINGLE (Flyball, 78S)
Javier Espinoza scores
Jeff Packard to third
Eugene Gill to second
Batting: LHB Anacleto Morillo 0-0: Foul Ball, location: 2F
0-1: Ball
1-1: Foul Ball, location: 2F
1-2: Ball
2-2: Foul Ball, location: 2F
2-2: Ball
3-2: Strikes out swinging
Batting: RHB Michael Woodruff 0-0: Called Strike
0-1: Foul Ball, location: 2F
0-2: Strikes out swinging
Top of the 3rd over - 1 run(s), 4 hit(s), 0 error(s), 3 left on base; Maui 2 - Niagara Falls 2
BOTTOM OF THE 3RD
Niagara Falls Frenzy batting - Pitching for Maui Tropics : RHP Júlio González
Batting: RHB Zander Tremblett 0-0: Ground out 4-3 (Groundball, 34)
Batting: LHB Clyde Yarbrough 0-0: Swinging Strike
0-1: Ball
1-1: Foul Ball, location: 2F
1-2: Ground out 4-3 (Groundball, 34)
Batting: LHB Dante Owens 0-0: Called Strike
0-1: Ball
1-1: Foul Ball, location: 2F
1-2: Ball
2-2: Ball
3-2: Base on Balls
Batting: RHB Lawrence Schroeder 0-0: Ball
1-0: Ground out 6-3 (Groundball, 6)
Bottom of the 3rd over - 0 run(s), 0 hit(s), 0 error(s), 1 left on base; Maui 2 - Niagara Falls 2
TOP OF THE 4TH
Maui Tropics batting - Pitching for Niagara Falls Frenzy : RHP Mark Head
Batting: LHB Henry Huffman 0-0: Ball
1-0: Called Strike
1-1: Ball
2-1: Foul Ball, location: 2F
2-2: Foul Ball, location: 2F
2-2: Foul Ball, location: 2F
2-2: Fly out, F9 (Flyball, 9S)
Batting: RHB Matt Silver 0-0: Called Strike
0-1: Ball
1-1: SINGLE (Line Drive, 6D)
Batting: LHB Javier Espinoza 0-0: Called Strike
0-1: Called Strike
0-2: 2-RUN HOME RUN (Flyball, 9D), Distance : 390 ft
Batting: RHB Jeff Packard 0-0: Ball
1-0: Ball
2-0: Fly out, F7 (Flyball, 7D)
Batting: RHB Eugene Gill 0-0: Ground out 2-3 (Groundball, 2R)
Top of the 4th over - 2 run(s), 2 hit(s), 0 error(s), 0 left on base; Maui 4 - Niagara Falls 2
BOTTOM OF THE 4TH
Niagara Falls Frenzy batting - Pitching for Maui Tropics : RHP Júlio González
Batting: LHB Bill Hall 0-0: Foul Ball, location: 2F
0-1: Ball
1-1: Fly out, F8 (Flyball, 8LXD)
Batting: RHB Keitaro Suzuki 0-0: Fly out, F8 (Flyball, 8LD)
Batting: RHB Jung-ha Kim 0-0: Ball
1-0: Ground out 4-3 (Groundball, 4M)
Bottom of the 4th over - 0 run(s), 0 hit(s), 0 error(s), 0 left on base; Maui 4 - Niagara Falls 2
TOP OF THE 5TH
Maui Tropics batting - Pitching for Niagara Falls Frenzy : RHP Mark Head
Batting: RHB José Herrera 0-0: Called Strike
0-1: Ball
1-1: Ground out 6-3 (Groundball, 6)
Batting: LHB Luis Antonio Torres 0-0: Called Strike
0-1: Called Strike
0-2: DOUBLE (Groundball, 3L)
Batting: LHB Anacleto Morillo 0-0: Ball
1-0: Fly out, F8 (Flyball, 8LM)
Batting: RHB Michael Woodruff 0-0: Called Strike
0-1: Fly out, F8 (Line Drive, 8RD)
Top of the 5th over - 0 run(s), 1 hit(s), 0 error(s), 1 left on base; Maui 4 - Niagara Falls 2
BOTTOM OF THE 5TH
Niagara Falls Frenzy batting - Pitching for Maui Tropics : RHP Júlio González
Batting: RHB Hidetada Kichida 0-0: Called Strike
0-1: Ball
1-1: Ball
2-1: Bunted foul
2-2: Foul Ball, location: 2F
2-2: Ball
3-2: Base on Balls
Batting: SHB Martín De Jesús 0-0: Ball
1-0: Called Strike
1-1: DOUBLE (Line Drive, 78M)
Hidetada Kichida to third
Batting: RHB Zander Tremblett 0-0: Foul Ball, location: 2F
0-1: Foul Ball, location: 2F
0-2: Ball
1-2: Ball
2-2: Foul Ball, location: 2F
2-2: Ball
3-2: Ground out 4-3 (Groundball, 4)
Hidetada Kichida scores
Martín De Jesús to third
Batting: LHB Clyde Yarbrough 0-0: Called Strike
0-1: Ball
1-1: Foul Ball, location: 2F
1-2: Ball
2-2: Foul Ball, location: 2F
2-2: Fly out, F6 (Line Drive, 6)
Batting: LHB Dante Owens 0-0: Ball
1-0: Ball
2-0: Fly out, F5 (Popup, 25)
Bottom of the 5th over - 1 run(s), 1 hit(s), 0 error(s), 1 left on base; Maui 4 - Niagara Falls 3
TOP OF THE 6TH
Maui Tropics batting - Pitching for Niagara Falls Frenzy : RHP Mark Head
Batting: LHB Henry Huffman 0-0: Ball
1-0: Ball
2-0: Ball
3-0: Base on Balls
Batting: RHB Matt Silver 0-0: Ball
1-0: Fly out, F6 (Popup, 56D)
Batting: LHB Javier Espinoza 0-0: Called Strike
0-1: Fly out, F8 (Flyball, 8RM)
Batting: RHB Jeff Packard 0-0: Ball
1-0: Fielders Choice at 2nd, U6 (Groundball, 6M)
Top of the 6th over - 0 run(s), 0 hit(s), 0 error(s), 1 left on base; Maui 4 - Niagara Falls 3
BOTTOM OF THE 6TH
Niagara Falls Frenzy batting - Pitching for Maui Tropics : RHP Júlio González
Batting: RHB Lawrence Schroeder 0-0: Ball
1-0: Foul Ball, location: 2F
1-1: Ground out 5-3 (Groundball, 5)
Batting: LHB Bill Hall 0-0: Ground out 4-3 (Groundball, 4)
Batting: RHB Keitaro Suzuki 0-0: Ball
1-0: Ball
2-0: Foul Ball, location: 2F
2-1: Ball
3-1: Foul Ball, location: 2F
3-2: Foul Ball, location: 2F
3-2: Foul Ball, location: 2F
3-2: Strikes out swinging
Bottom of the 6th over - 0 run(s), 0 hit(s), 0 error(s), 0 left on base; Maui 4 - Niagara Falls 3
TOP OF THE 7TH
Maui Tropics batting - Pitching for Niagara Falls Frenzy : RHP Mark Head
Batting: RHB Eugene Gill 0-0: Ball
1-0: Ball
2-0: Ball
3-0: Called Strike
3-1: Foul Ball, location: 2F
3-2: Foul Ball, location: 2F
3-2: Strikes out swinging
Batting: RHB José Herrera 0-0: Ball
1-0: Swinging Strike
1-1: SINGLE (Groundball, 34D)
Pitching: LHP Wilbert Cooper
Batting: LHB Luis Antonio Torres 0-0: Ball
1-0: Ball
2-0: Ball
3-0: Called Strike
3-1: Called Strike
3-2: DOUBLE (Line Drive, 8LD)
José Herrera to third
Batting: LHB Anacleto Morillo 0-0: Ball
1-0: Called Strike
1-1: Foul Ball, location: 2F
1-2: Ball
2-2: Ball
3-2: Strikes out swinging
Batting: RHB Michael Woodruff 0-0: Ball
1-0: Fly out, F3 (Popup, 3F)
Top of the 7th over - 0 run(s), 2 hit(s), 0 error(s), 2 left on base; Maui 4 - Niagara Falls 3
BOTTOM OF THE 7TH
Niagara Falls Frenzy batting - Pitching for Maui Tropics : RHP Júlio González
Pitching: RHP Yong-taek Yi
Batting: RHB Jung-ha Kim 0-0: Called Strike
0-1: Swinging Strike
0-2: Strikes out looking
Batting: RHB Hidetada Kichida 0-0: Foul Ball, location: 2F
0-1: Called Strike
0-2: Foul Ball, location: 2F
0-2: Ball
1-2: SINGLE (Groundball, 56)
Batting: SHB Martín De Jesús 0-0: Called Strike
Hidetada Kichida is caught stealing 2nd base
0-1: Called Strike
0-2: Ball
1-2: Foul Ball, location: 2F
1-2: Ball
2-2: SOLO HOME RUN (Flyball, 89XD), Distance : 394 ft
Batting: RHB Zander Tremblett 0-0: Swinging Strike
0-1: Swinging Strike
0-2: Strikes out swinging
Bottom of the 7th over - 1 run(s), 2 hit(s), 0 error(s), 0 left on base; Maui 4 - Niagara Falls 4
TOP OF THE 8TH
Maui Tropics batting - Pitching for Niagara Falls Frenzy : LHP Wilbert Cooper
Pinch Hitting: RHB Ximena Campos 0-0: Ball
1-0: Called Strike
1-1: Foul Ball, location: 2F
1-2: Foul Ball, location: 2F
1-2: Hit by Pitch
Batting: RHB Matt Silver 0-0: Bunt missed!
0-1: Bunt missed!
0-2: Grounds into double play, 6-4-3 (Groundball, 6)
Batting: LHB Javier Espinoza 0-0: Called Strike
0-1: Ball
1-1: Ball
2-1: SINGLE (Groundball, 4M)
Batting: RHB Jeff Packard 0-0: Called Strike
0-1: SINGLE (Flyball, 78S)
Javier Espinoza to second
Batting: RHB Eugene Gill 0-0: Swinging Strike
0-1: Called Strike
0-2: Fly out, F9 (Flyball, 9M)
Top of the 8th over - 0 run(s), 2 hit(s), 0 error(s), 2 left on base; Maui 4 - Niagara Falls 4
BOTTOM OF THE 8TH
Niagara Falls Frenzy batting - Pitching for Maui Tropics : RHP Yong-taek Yi
Now in LF: Mario Olivares
Batting: LHB Clyde Yarbrough 0-0: Fly out, F3 (Line Drive, 3)
Batting: LHB Dante Owens 0-0: Ball
1-0: Ball
2-0: Fly out, F2 (Popup, 5SF)
Batting: RHB Lawrence Schroeder 0-0: Ball
1-0: Foul Ball, location: 2F
1-1: Swinging Strike
1-2: Foul Ball, location: 2F
1-2: Ball
2-2: Fly out, F4 (Line Drive, 4)
Bottom of the 8th over - 0 run(s), 0 hit(s), 0 error(s), 0 left on base; Maui 4 - Niagara Falls 4
TOP OF THE 9TH
Maui Tropics batting - Pitching for Niagara Falls Frenzy : LHP Wilbert Cooper
Pitching: RHP Esteban Juárez
Batting: RHB José Herrera 0-0: Called Strike
0-1: Called Strike
0-2: Strikes out swinging
Batting: LHB Luis Antonio Torres 0-0: Swinging Strike
0-1: Swinging Strike
0-2: Ball
1-2: Ball
2-2: Strikes out looking
Batting: LHB Anacleto Morillo 0-0: SINGLE (Groundball, 4MD)
Batting: RHB Michael Woodruff 0-0: Foul Ball, location: 2F
0-1: Ball
1-1: Swinging Strike
1-2: Strikes out swinging
Top of the 9th over - 0 run(s), 1 hit(s), 0 error(s), 1 left on base; Maui 4 - Niagara Falls 4
BOTTOM OF THE 9TH
Niagara Falls Frenzy batting - Pitching for Maui Tropics : RHP Yong-taek Yi
Batting: LHB Bill Hall 0-0: Called Strike
0-1: Ball
1-1: DOUBLE (Flyball, 89XD)
Pinch Hitting: RHB Gerald Burnett 0-0: Intentional Walk
Pitching: RHP Chuk-yan Zhuan
Batting: RHB Jung-ha Kim 0-0: 3-RUN HOME RUN (Flyball, 78XD), Distance : 393 ft
Monday, December 5th, 2016 - OOTP Baseball 17.12 Build 75